 Dungeon Crawl Stone Soup version 0.29.1-2-gbd0b4ee654 (webtiles) character file.

Game seed: 18055480446475498343

634 Sabo the Trooper (level 7, 0/44 HPs)
             Began as a Gargoyle Berserker on Nov 7, 2022.
             Was a Believer of Trog.
             Splashed by a jelly's acid (3 damage)
             ... on level 5 of the Dungeon on Nov 8, 2022.
             The game lasted 00:20:44 (4349 turns).

Sabo the Trooper (Gargoyle Berserker)               Turns: 4349, Time: 00:20:44

Health: 0/44       AC: 13    Str: 22    XL:     7   Next: 49%
Magic:  7/7        EV: 11    Int:  8    God:    Trog [**....]
Gold:   133        SH:  0    Dex:  9    Spells: 6/6 levels left

rFire   . . .      SeeInvis .   r - +0 war axe
rCold   + . .      Faith    .   (no shield)
rNeg    + . .      Spirit   .   g - +0 ring mail
rPois   ∞          Reflect  .   (no helmet)
rElec   +          Harm     .   (no cloak)
rCorr   .          Rampage  .   m - +2 pair of gloves
Will    .....                   (no boots)
Stlth   +.........              (no amulet)
HPRegen 0.14/turn               s - ring of protection from cold
MPRegen 0.10/turn               (no ring)

@: on berserk cooldown, slowed, very slow
A: sickness immunity, AC +4, negative energy resistance 1, electricity
resistance, torment resistance 1, petrification resistance
a: Renounce Religion, Berserk, Trog's Hand


You were on level 5 of the Dungeon.
You worshipped Trog.
Trog was pleased with you.
You visited 1 branch of the dungeon, and saw 5 of its levels.

You collected 133 gold pieces.

Inventory:

Hand Weapons
 a - a +0 falchion of electrocution
 d - a +1 short sword of speed
 i - a +2 dagger of electrocution
 n - a +0 sling
 r - a +0 war axe (weapon)
 t - a +1 whip of flaming
Armour
 g - a +0 ring mail (worn)
 l - the +1 robe of Xeudon {SInv}
   (You found it on level 2 of the Dungeon)

   SInv:      It lets you see invisible.
 m - a +2 pair of gloves (worn)
Jewellery
 s - a ring of protection from cold (left hand)
Wands
 q - a wand of paralysis (11)
Scrolls
 f - a scroll of poison
 h - a scroll of blinking
 u - a scroll of amnesia {unknown}
Potions
 b - 4 potions of haste {unknown}
 c - a potion of degeneration {unknown}
 e - 2 potions of heal wounds
 j - a potion of cancellation {unknown}
 k - 2 potions of flight {unknown}
 o - a potion of lignification {unknown}
 p - a potion of berserk rage {unknown}


   Skills:
 + Level 4.6 Fighting
 + Level 3.3 Short Blades
 + Level 4.2 Axes
 + Level 4.3 Armour
 + Level 2.8 Dodging
 + Level 1.6 Stealth


You had 6 spell levels left.
You didn't know any spells.
Your spell library was empty.

Dungeon Overview and Level Annotations

Branches:
Dungeon (5/15)             Temple (0/1) D:4

Altars:

Shops:
D:2 [


Innate Abilities, Weirdness & Mutations

You are immune to sickness and miasma.
Your stone body is resilient. (AC +4)
You are immune to poison.
You resist negative energy. (rN+)
You are resistant to electric shocks. (rElec)
You are resistant to unholy torment.
You are immune to petrification.


Message History

Trog accepts your kill.
You barely miss the hound. The hound closely misses you.
You closely miss the hound.
The hound is almost dead.
The hound completely misses you.
You closely miss the hound.
The hound is almost dead.
The hound misses you.
You closely miss the hound.
The hound is almost dead.
The hound closely misses you.
You closely miss the hound.
The hound is almost dead.
The hound bites you but does no damage. x2
You barely miss the hound.
The hound is almost dead.
The hound bites you but does no damage.
You closely miss the hound.
The hound is almost dead.
The hound bites you but does no damage.
You hear a distant slurping noise.
The door mysteriously vanishes.
A jelly comes into view.
The jelly quivers.
You slash the hound!
You kill the hound!
Trog accepts your kill.
The jelly jiggles.
You are no longer berserk.
You are exhausted.
You feel yourself slow down.
Things that are here:
a +0 spear; a hound corpse The jelly hits you but does no damage.
You hit the jelly.
Your hands burn!
* * * LOW HITPOINT WARNING * * *
The jelly is moderately wounded.
The jelly barely misses you. The jelly hits you but does no damage.
You hit the jelly.
Your hands burn!
You die...

######. #.#.###. .......
....... ....... #.....
....... #######.#..##
......)###.......#...
......).......##.#.#####.
.......†))....'..<.......
#+####........##.#.##....
#...J@...##.#..# .
#........##.#..#
#........##.#..#
.....####.###.#... ###...
.. ..#.... +.. .....#....
#.. ... ....


You could see a jelly.

Vanquished Creatures
  Grinder (D:3)
  An ogre (D:4)
  A necrophage (D:5)
  2 hounds
  An orc priest (D:4)
  An orc wizard (D:4)
  4 gnolls (D:5)
  6 adders
  2 worms (D:3)
  A dart slug (D:4)
  9 orcs
  4 endoplasms
  4 giant cockroaches
  11 goblins
  4 hobgoblins
  4 jackals
  3 quokkas
  5 ball pythons
  6 bats
  3 frilled lizards
  8 kobolds
  5 rats
86 creatures vanquished.

Notes
Turn   | Place    | Note
-------+----------+-------------------------------------------
     0 | D:1      | Sabo the Gargoyle Berserker began the quest for the Orb.
     0 | D:1      | Reached XP level 1. HP: 14/14 MP: 1/1
   328 | D:1      | Reached XP level 2. HP: 9/19 MP: 2/2
  1327 | D:2      | Found Meom's Antique Armour Shop.
  1353 | D:2      | Reached XP level 3. HP: 24/24 MP: 3/3
  1727 | D:2      | Identified the +1 robe of Xeudon {SInv}
  2318 | D:3      | Reached ** piety under Trog
  2319 | D:3      | Reached skill level 1 in Short Blades
  2461 | D:3      | Reached XP level 4. HP: 28/29 MP: 4/4
  2586 | D:3      | Noticed Grinder
  2597 | D:3      | Killed Grinder
  2598 | D:3      | Reached skill level 1 in Stealth
  2598 | D:3      | Reached XP level 5. HP: 33/33 MP: 5/5
  2598 | D:3      | Reached XP level 6. HP: 38/38 MP: 6/6
  3938 | D:4      | Reached XP level 7. HP: 44/44 MP: 7/7
  3995 | D:4      | Found a staircase to the Ecumenical Temple.
  4310 | D:5      | Entered Level 5 of the Dungeon
  4349 | D:5      | Splashed by a jelly's acid

Illustrated notes

Levels and vault maps discovered:
D:1:      kilobyte_arrival_exit_the_forest, layout_rooms
D:2:      wander_river, layout_basic, serial_shops, nicolae_shop_waterfront,
          hangedman_abyss_or_decor_stabs
D:3:      layout_basic, uniq_grinder
D:4:      layout_loops_corners, minmay_temple_entry_hall
D:5:      layout_basic, hex_tiny, item_on_display_a, uniq_eustachio, uniq_pikel

Skill      XL: |  1  2  3  4  5  6  7 |
---------------+----------------------+-----
Axes           | 3 4 |  4.2
Short Blades   | 1 3 |  3.3
Dodging        | 2 |  2.8
Fighting       | 4 |  4.6
Armour         | 3 4 |  4.3
Stealth        | 1 |  1.6

Action                   |  1- 3 |  4- 6 |  7- 9 || total
-------------------------+-------+-------+-------++-------
Melee: Hand axe          |    17 |       |       ||    17
       Short sword       |   149 |       |       ||   149
       Dagger            |    19 |    41 |       ||    60
       Punch             |     1 |       |       ||     1
       War axe           |       |    71 |    28 ||    99
Invok: Berserk           |       |     4 |     1 ||     5
  Use: Scroll            |     6 |       |       ||     6
       Potion            |       |       |     1 ||     1
Armor: Animal skin       |    10 |       |       ||    10
       Ring mail         |    55 |    71 |    34 ||   160
Dodge: Dodged            |   102 |    65 |    27 ||   194
